[Event "*** Titled Tuesday Blitz"]
[Site "Chess.com"]
[Date "2021.02.16"]
[Round "10"]
[White "Fandorine"]
[Black "Markov_Mikhail"]
[Result "1-0"]
[WhiteElo "2852"]
[BlackElo "2712"]
[TimeControl "180+1"]
[EndTime "12:00:07 PST"]
[Termination "Fandorine won by resignation"]

1. c4 Nf6 2. Nc3 c5 3. g3 e6 4.
Nf3 Be7 5. Bg2 O-O 6. O-O d5 7.
cxd5 exd5 8. d4 Nbd7 9. b3 b6 10. Bb2 Bb7 11. Rc1 Re8 12. Re1 a6 13. e3 Rc8 14.
Ne5 b5 15. Nxd7 Qxd7 16. dxc5 Bxc5 17. Ne2 Bb4 18. Bc3 Ba3 19. Rc2 Qf5 20. Nd4 Qd7 21.
Ree2 Ne4 22. Be1 Rxc2 23. Rxc2 Rc8 24. h3 g6 25. Ne2 Qf5 26. Rxc8+ Qxc8 27. Qd3 Bb2 28.
g4 Qc5 29. f3 Nf6 30. Bc3 Bxc3 31. Qxc3 Qxc3 32. Nxc3 Kf8 33. g5 Nd7 34. f4 Nb6 35.
Ne2 Ke7 36. Nd4 Kd6 37. Kf2 Nd7 38. b4 Nb6 39. Bf1 Bc8 40. h4 Na4 41. Bd3 Nc3 42. a3 Bg4 43. Ke1 Ne4 44. Nb3 Ng3 45. Nc5 Bc8 46.
Kf2 Nh5 47. Kf3 Ng7 48. e4 dxe4+ 49. Kxe4 Ne6 50. Nxe6 Bxe6 51. Kd4 Bd7 52. Be4 Bc8 53. Bd5 Ke7 54. Ke5 Bd7 55. Bb7 1-0

[Event "*** Titled Tuesday Blitz"]
[Site "Chess.com"]
[Date "2021.02.16"]
[Round "10"]
[White "Alex-11211"]
[Black "MariaFominykh"]
[Result "1-0"]
[WhiteElo "2393"]
[BlackElo "2256"]
[TimeControl "180+1"]
[EndTime "12:00:09 PST"]
[Termination "Alex-11211 won on time"]

1. e4 d6 2. d4 Nf6 3. Nc3 e5 4. Nf3 Nbd7 5. Bc4 Be7 6. O-O O-O 7. a4 c6 8. h3 a5 9. Re1 Nb6 10. Bb3 Nfd7 11. Be3 exd4 12. Nxd4 Nc5 13. Ba2 Bf6 14. e5 Bxe5 15. Nxc6 bxc6 16. Bxc5 Bxc3 17. Bxb6 Qxb6 18. bxc3 d5 19. Rb1 Qc5 20. Qd4 Qa3 21. Bb3 Be6 22. Qb6 Rfc8 23. Re3 Qd6 24. Rbe1 Rcb8 25. Qd4 c5 26. Qd2 Qc6 27. Rxe6 fxe6 28. Rxe6 Qd7 29. Bxd5 Kh8 30. c4 Rd8 31. Qe3 Rac8 32. Re7 Qf5 33. Qc3 Qf6 34. Qxf6 gxf6 35. Ra7 Re8 36. Rxa5 Re1+ 37.
Kh2 Re2 38. Rb5 Rxc2 39. a5 Rxf2 40. Kg3 Ra2 41. Bb7 Rb8 42. a6 Rd8 43. Rxc5 Rd3+ 44.
Kh2 Rdd2 45. Rc7 Rdb2 46. Bf3 Rxa6 47. c5 Rc2 48. c6 Rb6 49. Rd7 Kg8 50. c7 Rbc6 51.
Bxc6 Rxc6 52. Rd8+ Kf7 53. c8=Q Rxc8 54. Rxc8 Kg6 55.
Kg3 1-0

[Event "*** Titled Tuesday Blitz"]
[Site "Chess.com"]
[Date "2021.02.16"]
[Round "10"]
[White "noblerone"]
[Black "kamilianin235"]
[Result "1-0"]
[WhiteElo "2402"]
[BlackElo "2194"]
[TimeControl "180+1"]
[EndTime "12:00:10 PST"]
[Termination "noblerone won by checkmate"]

1. d4 d5 2. Nf3 Nf6 3. Bg5 Bf5 4. c3 c5 5. Qb3 Qb6 6. dxc5 Qxb3 7. axb3 e6 8. Bxf6 gxf6 9. b4 Nd7 10. Nd4 Bg6 11. Nb5 Kd8 12. Nd2 a6 13. e3 Rc8 14. Nd4 Kc7 15. c6 bxc6 16. Rxa6 Kb7 17. Be2 Be7 18. O-O Nb8 19. Ra5 Bd8 20. Ra3 Bb6 21. N2b3 e5 22. Nf3 Rhg8 23. Rfa1 Rc7 24. Nc5+ Bxc5 25. bxc5 Kc8 26.
Ra8 Kd7 27. b4 Rd8 28. Nh4 Ke7 29.
Bg4 Nd7 30. R8a7 Rdc8 31. Nf5+ Bxf5 32. Bxf5 Nf8 33. h3 Ne6 34. Kh2 h6 35. R1a6 Kd7 36. g4 Rxa7 37. Rxa7+ Rc7 38. Ra6 Rc8 39. Kg3 Rc7 40. Kh4 Rc8 41. Ra7+ Rc7 42. Rxc7+ Kxc7 43. Bxe6 fxe6 44. Kh5 Kb7 45. Kxh6 Ka6 46. g5 Kb5 47. gxf6 Kc4 48. f7 Kxc3 49. f8=Q d4 50. exd4 exd4 51.
Qd6 d3 52. Qxc6 d2 53. Qd6 Kc2 54. c6 d1=Q 55. Qxd1+ Kxd1 56. c7 Ke2 57. c8=Q Kxf2 58. Qxe6 Kg2 59. Qg4+ Kh2 60. h4 Kh1 61. Kg5 Kh2 62.
h5 Kh1 63. h6 Kh2 64. h7 Kh1 65. h8=Q# 1-0

[Event "*** Titled Tuesday Blitz"]
[Site "Chess.com"]
[Date "2021.02.16"]
[Round "10"]
[White "Vuk2000"]
[Black "Nuvas"]
[Result "0-1"]
[WhiteElo "2651"]
[BlackElo "2500"]
[TimeControl "180+1"]
[EndTime "12:00:11 PST"]
[Termination "Nuvas won by resignation"]

1. d4 Nf6 2. Bg5 Ne4 3. Bf4 d5 4. e3 c5 5. Bd3 Nc6 6. c3 cxd4 7.
exd4 Bf5 8. Qe2 e6 9. Nd2 Nd6 10. Bxf5 Nxf5 11. g4 Nd6 12. h4 Be7 13. Ngf3 Qb6 14.
Rb1 O-O 15. h5 Rae8 16. g5 Qd8 17. Kd1 Nf5 18. g6 fxg6 19. hxg6 h6 20. Qxe6+ Kh8 21. Qe2 Nfxd4 22. Nxd4 Nxd4 23. Qg4 Nf5 24. Bxh6 gxh6 25. g7+ Nxg7 26. Rxh6+ Kg8 27. Qg6 Rf6 28. Qh7+ Kf7 29.
Rh2 Bf8 30. Kc2 d4 31. Ne4 d3+ 32. Kd2 Rf5 33. Re1 Qd5 34. Qh4 Qxa2 35. Ng5+ Rxg5 36. Rxe8 Qxb2+ 37. Ke3 Qb6+ 38. Kxd3 Qg6+ 39. Kd2 Kxe8 40. Qa4+ Qc6 41. Qxa7 Rd5+ 42. Kc2 Rc5 43. Qa1 Ne6 44. Qe1 Kd7 45. Rh7+ Be7 46. Qd1+ Rd5 47. Qe1 b5 48.
Qe3 b4 49. Kb3 bxc3 50. Qxc3 Rb5+ 51. Kc2 Rc5 52. Rh3 Nd4+ 53. Kb2 Rxc3 54. Rxc3 Qb5+ 55. Ka2 Qa4+ 56. Kb2 Qb4+ 57. Ka2 Qxc3 0-1

[Event "*** Titled Tuesday Blitz"]
[Site "Chess.com"]
[Date "2021.02.16"]
[Round "10"]
[White "hypert"]
[Black "Hercog"]
[Result "0-1"]
[WhiteElo "2487"]
[BlackElo "2373"]
[TimeControl "180+1"]
[EndTime "12:00:11 PST"]
[Termination "Hercog won by resignation"]

1. d4 Nf6 2. e3 g6 3. Nf3 Bg7 4. Be2 O-O 5. O-O d5 6. c3 c5 7. dxc5 Ne4 8. c4 dxc4 9. Bxc4 Qxd1 10. Rxd1 Nc6 11. Nbd2 Nxc5 12. Rb1 Bf5 13. Ra1 Rfd8 14. Re1 Nd3 15. Bxd3 Bxd3 16. a3 Rac8 17. Nb3 e6 18. Nc5 b6 19. Nxd3 Rxd3 20. Kf1 Na5 21. Rb1 Rc2 22. Re2 Rc8 23. b4 Nc4 24. Ne1 Rd1 25.
Rc2 Nxe3+ 26. Bxe3 Rxe1+ 27. Kxe1 Rxc2 28. Rc1 Rxc1+ 29. Bxc1 b5 30. Ke2 Kf8 31. Kd3 Ke7 32.
a4 a6 33. axb5 axb5 34. Be3 Kd6 35. Bc5+ Kd5 36. f3 e5 37. g4 f5 38. gxf5 gxf5 39. h3 e4+ 40. fxe4+ fxe4+ 41. Ke3 Bh6+ 42. Ke2 Kc4 43.
h4 Bf4 44. h5 Bc1 45. Bf8 Ba3 46.
Ke3 Bxb4 47. Bg7 Kd5 48. h6 Ba3 49. Kd2 Bc5 50. Kc3 b4+ 51. Kd2 Bd4 52. Bf8 b3 53. Ba3 b2 54. Kc2 e3 55. Bb4 Ke4 56. Be1 Kf3 57. Bb4 Ke2 58. Bc3 Bxc3 0-1

[Event "*** Titled Tuesday Blitz"]
[Site "Chess.com"]
[Date "2021.02.16"]
[Round "10"]
[White "stolencandy13"]
[Black "Nils_03"]
[Result "1-0"]
[WhiteElo "2482"]
[BlackElo "2348"]
[TimeControl "180+1"]
[EndTime "12:00:13 PST"]
[Termination "stolencandy13 won by checkmate"]

1. e4 e5 2. Nf3 Nc6 3. Bb5 a6 4. Ba4 Nf6 5. Qe2 Bc5 6. c3 O-O 7. d3 d6 8. Bg5 h6 9. Bh4 Bg4 10. Nbd2 g5 11. Bg3 Kg7 12. h3 Bh5 13. h4 Qe7 14. O-O-O b5 15. Bc2 b4 16. c4 Nd4 17.
Qf1 Bxf3 18. Nxf3 g4 19. Nxd4 Bxd4 20. h5 a5 21. Ba4 Nd7 22. Qe2 Qg5+ 23. Kb1 Nc5 24.
Rh4 Kh8 25. Rxg4 Qf6 26. Bh4 Qe6 27. Bc6 Rg8 28. Bxa8 Rxg4 29. Bd5 Qd7 30. Qf3 Rf4 31. Qg3 Bxf2 32. Qxf2 Rxf2 33. Bxf2 Qg4 34. Rd2 Qxg2 35. Kc2 Ne6 36. Bxe6 fxe6 37. Bb6 Qh1 38. Bxc7 Qa1 39. Bxd6 Qxa2 40. c5 a4 41. c6 a3 42. Bxe5+ Kg8 43.
c7 b3+ 44. Kc3 axb2 45. c8=Q+ Kf7 46. Rf2+ Ke7 47. Qc7+ Ke8 48. Qc8+ Ke7 49. Qb7+ Ke8 50. Qb5+ Ke7 51. Bf6+ Kd6 52. Qb4+ Kd7 53. Qe7+ Kc6 54. Rxb2 Qa5+ 55. Qb4 Qxh5 56. Qc4+ Kd7 57. Rxb3 Qd1 58. Rb7+ Ke8 59. Qc8# 1-0

[Event "*** Titled Tuesday Blitz"]
[Site "Chess.com"]
[Date "2021.02.16"]
[Round "10"]
[White "CSB7"]
[Black "kobemagic"]
[Result "1-0"]
[WhiteElo "2548"]
[BlackElo "2410"]
[TimeControl "180+1"]
[EndTime "12:00:14 PST"]
[Termination "CSB7 won by resignation"]

1. d4 Nf6 2. Nf3 c5 3. d5 d6 4. c4 b5 5. cxb5 a6 6. Nc3 axb5 7. Nxb5 Qa5+ 8. Nc3 g6 9. Nd2 Ba6 10. e4 Bxf1 11.
Kxf1 Bg7 12. g3 O-O 13. Kg2 Nbd7 14. Qc2 Rfb8 15. Rb1 Ng4 16. h3 Ngf6 17. b3 Nb6 18.
Bb2 Nfd7 19. a4 Ne5 20. Nb5 c4 21. Bxe5 Bxe5 22. Nxc4 Nxc4 23. Qxc4 Rc8 24. Qd3 Qb4 25. Rhc1 h5 26. h4 Rab8 27. Rc2 Rxc2 28. Qxc2 Kg7 29.
Rc1 Bf6 30. Qc4 Qd2 31. Rc2 Qe1 32. Re2 Qa1 33. f4 Re8 34. Qc2 Rb8 35. Qa2 Qd1 36.
Qc2 Qa1 37. Kh2 Qf1 38. e5 dxe5 39. fxe5 Bxh4 40. Rf2 Bxg3+ 41. Kxg3 Qg1+ 42. Kf3 Qg4+ 43. Ke3 Rd8 44. Qe4 Qg3+ 45. Qf3 Qxe5+ 46. Kd3 Rxd5+ 47. Kc2 Rc5+ 48. Nc3 f5 49. Re2 Rxc3+ 50. Qxc3 Qxc3+ 51. Kxc3 h4 52. a5 g5 53. a6 g4 54. a7 h3 55.
a8=Q g3 56. Qh1 g2 57. Rxg2+ hxg2 58. Qxg2+ 1-0

[Event "*** Titled Tuesday Blitz"]
[Site "Chess.com"]
[Date "2021.02.16"]
[Round "10"]
[White "bakki78"]
[Black "TimofeevAr"]
[Result "1/2-1/2"]
[WhiteElo "2735"]
[BlackElo "2881"]
[TimeControl "180+1"]
[EndTime "12:00:15 PST"]
[Termination "Game drawn by repetition"]

1. e4 d5 2. exd5 Nf6 3. Bb5+ Bd7 4. Be2 Nxd5 5. d4 g6 6. c4 Nf6 7. Nf3 Bg7 8. Qb3 Bc8 9. O-O O-O 10. Rd1 c6 11. Bf4 Nbd7 12. h3 Qb6 13. Nc3 Qxb3 14.
axb3 b6 15. b4 Bb7 16. b5 a5 17. bxc6 Bxc6 18. Ne5 Bb7 19. Na4 Rac8 20. Rac1 Rfd8 21. Bg5 Rc7 22. Nxd7 Rcxd7 23. d5 Rd6 24. Bf4 Nd7 25.
Bxd6 exd6 26. Re1 Nc5 27. Nxc5 bxc5 28. b3 Bc8 29. Rc2 Bf5 30. Ra2 Bc3 31. Rd1 Re8 32.
Bd3 Bd7 33. Re2 Rd8 34. h4 h5 35.
Bc2 Kf8 36. Re3 Be5 37. g3 Bg4 38. Rb1 Rb8 39. Kg2 Bd4 40. Ree1 Bc3 41. Rf1 Be2 42. Rg1 Bg4 43. f3 Bd7 44. Rgf1 Kg7 45. Rf2 Kf6 46. Re2 Rb4 47. Rc1 Be5 48. Bd1 Bd4 49. Ra2 Bf5 50. Rxa5 Bb2 51. Rc2 Bxc2 52. Bxc2 Rb7 53. Ra6 Ke7 54.
g4 Be5 55. Kf2 Rb8 56. Ra7+ Kf6 57. g5+ Kg7 58. Ke2 Re8 59. Kf2 Bd4+ 60. Kf1 Be5 61. Kg2 Bf4 62. Be4 Be5 63. Ra6 Bf4 64. Ra7 Be5 65. Ra6 Bf4 66. Ra7 1/2-1/2

[Event "*** Titled Tuesday Blitz"]
[Site "Chess.com"]
[Date "2021.02.16"]
[Round "10"]
[White "xberli"]
[Black "TeukkaSalama"]
[Result "1-0"]
[WhiteElo "2497"]
[BlackElo "2371"]
[TimeControl "180+1"]
[EndTime "12:00:16 PST"]
[Termination "xberli won on time"]

1. b3 e5 2. Bb2 d6 3. c4 Nf6 4. g3 Be7 5. Bg2 O-O 6. Nf3 c6 7. O-O Bg4 8. Nc3 Nbd7 9. d4 Re8 10. dxe5 Nxe5 11. Nxe5 dxe5 12. Qc2 Qc7 13. Rfd1 Rad8 14. Ne4 Bh5 15. Ng5 Bg6 16. Qc3 Bc5 17. e3 a5 18. a3 h6 19. Nf3 Bh5 20. Rxd8 Rxd8 21. Qxe5 Qb6 22. Nd4 Re8 23. Qf4 Bxd4 24. Bxd4 Qxb3 25.
c5 Nd5 26. Qd6 Bg6 27. Qd7 Re6 28. h4 Kh7 29. Qd8 Be4 30. Bh3 Rg6 31. Qe8 Nc3 32.
Re1 Qd5 33. Bxc3 Qd3 34. Qe5 f6 35. Qd4 Qc2 36. Qd2 Qb3 37. Bd4 Qd5 38. Qe2 Bf3 39. Qf1 Qf7 40. Bg2 Qd5 41. Bxf3 Qxf3 42. Qg2 Qf5 43. f3 h5 44. e4 Qe6 45. Kh2 Qf7 46. Qf2 f5 47. e5 Re6 48. f4 g6 49. Be3 Re7 50. Rd1 Rd7 51. Rxd7 Qxd7 52. Qd2 Qe6 53. Qd6 Qa2+ 54. Kh3 Qa1 55. Kg2 Qa2+ 56. Bf2 Qe2 57.
e6 Qe4+ 58. Kg1 Qf3 59. e7 Qe4 60. Qd8 Qb1+ 61. Kh2 Qf1 62. Qd4 Qe2 63. Qe3 1-0

[Event "*** Titled Tuesday Blitz"]
[Site "Chess.com"]
[Date "2021.02.16"]
[Round "10"]
[White "LEGENYA1998"]
[Black "Tactictic"]
[Result "0-1"]
[WhiteElo "2300"]
[BlackElo "2429"]
[TimeControl "180+1"]
[EndTime "12:00:16 PST"]
[Termination "Tactictic won by resignation"]

1. e4 c5 2. c3 d6 3. d4 cxd4 4. cxd4 Nf6 5. Nc3 g6 6. Nf3 Bg7 7. Bb5+ Bd7 8. Bxd7+ Nbxd7 9. e5 dxe5 10. dxe5 Ng4 11. e6 fxe6 12. Ng5 Qa5 13. O-O Ngf6 14. Nxe6 Kf7 15. Ng5+ Ke8 16. Re1 Qf5 17. Ne6 Rg8 18. Nc7+ Kf7 19. Nxa8 Rxa8 20. Be3 Kg8 21. Qb3+ e6 22. Rad1 b6 23. h3 Rf8 24. Bd4 Nd5 25. Bxg7 Qxf2+ 26. Kh1 Kxg7 27. Nxd5 exd5 28. Re7+ Rf7 29.
Rxf7+ Qxf7 30. Qxd5 Qxd5 31. Rxd5 Nf6 32. Rd6 Kf7 33.
Rc6 Ne8 34. Kh2 Ke7 35. Kg3 Kd7 36. Rc4 Nf6 37. Kf4 Kd6 38. Rc8 h6 39. Rh8 Nd5+ 40. Kg3 Ne7 41. Kf3 h5 42. Ra8 a5 43. Rd8+ Ke5 44. Re8 Ke6 45. Ke4 Kd7 46. Rxe7+ Kxe7 47. Ke5 a4 48. b4 axb3 49. axb3 h4 50. Kf4 Kf6 51. Kg4 g5 52. Kh5 Kf5 53. Kh6 g4 54. Kh5 g3 55. Kxh4 Kf4 56. Kh5 Ke3 57. Kg4 Kf2 58. h4 Kxg2 59. h5 Kf2 60. h6 g2 61.
h7 g1=Q+ 62. Kf5 Qh1 63. Kg6 Qa1 0-1

[Event "*** Titled Tuesday Blitz"]
[Site "Chess.com"]
[Date "2021.02.16"]
[Round "10"]
[White "Harry_Rakkel"]
[Black "ural58"]
[Result "1/2-1/2"]
[WhiteElo "2683"]
[BlackElo "2546"]
[TimeControl "180+1"]
[EndTime "12:00:17 PST"]
[Termination "Game drawn - insufficient material"]

1. d4 d5 2. c4 e5 3. dxe5 d4 4.
Nf3 Nc6 5. a3 g6 6. e3 Bg4 7.
Be2 Bxf3 8. Bxf3 Nge7 9. exd4 Qxd4 10. Qxd4 Nxd4 11. Bd1 Bg7 12. f4 f6 13. exf6 Bxf6 14. Nc3 Nef5 15. Nd5 Bd8 16. Ne3 Bf6 17. O-O O-O-O 18.
Nd5 Bg7 19. g4 Nd6 20. Be3 c6 21. Nc3 Nxc4 22. Bc1 Rhe8 23. Kh1 Na5 24. Rb1 Nab3 25. f5 gxf5 26. gxf5 Bf6 27. Bf4 Nc5 28. Bg3 Ne4 29.
Bh5 Re7 30. Rbd1 Nxg3+ 31. hxg3 Re3 32. Kg2 Rg8 33. g4 Rd8 34. Rde1 Rd3 35. Rf2 Bh4 36.
Ref1 Bxf2 37. Rxf2 Nb3 38. f6 Rd2 39. Ne4 Rxf2+ 40. Kxf2 Nd4 41. f7 Ne6 42. Nf6 h6 43.
Kf3 Kc7 44. Ke4 Kd6 45. Kf5 c5 46. Ng8 c4 47. Nxh6 b5 48. g5 a5 49. g6 b4 50.
axb4 axb4 51. Kf6 c3 52. bxc3 bxc3 53. Bd1 Rc8 54. g7 Nxg7 55. Kxg7 Ke5 56. Bc2 Kd4 57. Ng8 Ke3 58. Nf6 Rc7 59. Bg6 Kd2 60. Nd5 Rxf7+ 61.
Kxf7 c2 62. Bxc2 Kxc2 1/2-1/2

[Event "*** Titled Tuesday Blitz"]
[Site "Chess.com"]
[Date "2021.02.16"]
[Round "10"]
[White "Fusikk"]
[Black "frenchpin"]
[Result "1/2-1/2"]
[WhiteElo "2682"]
[BlackElo "2499"]
[TimeControl "180+1"]
[EndTime "12:00:18 PST"]
[Termination "Game drawn - insufficient material"]

1. e4 e6 2. d4 d5 3. Nd2 c5 4. Ngf3 Nc6 5. exd5 exd5 6. Bb5 Qe7+ 7. Qe2 Qxe2+ 8. Kxe2 a6 9. Bxc6+ bxc6 10. dxc5 Bxc5 11. Nb3 Bd6 12. Re1 Nf6 13. Kf1+ Be6 14. Be3 Rb8 15.
Rab1 Ne4 16. Nfd4 Kd7 17. f3 Nf6 18. Rbd1 Rhc8 19. c4 c5 20. cxd5 Nxd5 21. Nxe6 fxe6 22. Bc1 Bxh2 23. Re4 Bd6 24. Rde1 Re8 25. Nd2 Nf6 26.
Ra4 Ra8 27. Nc4 Kc6 28. b3 Nd5 29. Bd2 e5 30. Na5+ Kb5 31. Nc4 Bc7 32. Re4 Re6 33. Na3+ Kc6 34. Rac4 a5 35. Be3 Bd6 36. Rc2 Nb4 37.
Rd2 Rd8 38. Nc4 Bc7 39. Rxd8 Bxd8 40. Nxe5+ Kb5 41. Nc4 Rxe4 42. fxe4 Nxa2 43. Nd6+ Kc6 44. Nf7 Bc7 45. Ng5 h6 46. Ne6 Bd6 47. Nxg7 Nc3 48. Bxh6 Nxe4 49. Nf5 Be5 50. Ke2 Kd5 51. Kd3 Nf2+ 52.
Ke2 Ng4 53. Bd2 Bc7 54. Kf3 Ne5+ 55. Ke2 Ng4 56. Ne3+ Nxe3 57. Kxe3 c4 58. bxc4+ Kxc4 59. Bxa5 Bxa5 60. Ke4 Bd8 61. g4 Bg5 62. Kf5 Bh4 63. g5 Bxg5 1/2-1/2

[Event "*** Titled Tuesday Blitz"]
[Site "Chess.com"]
[Date "2021.02.16"]
[Round "10"]
[White "Zubrrr"]
[Black "Alexander_Zubov"]
[Result "0-1"]
[WhiteElo "2648"]
[BlackElo "2979"]
[TimeControl "180+1"]
[EndTime "12:00:20 PST"]
[Termination "Alexander_Zubov won by resignation"]

1. d4 Nf6 2. c4 g6 3. g3 Bg7 4. Bg2 d5 5. cxd5 Nxd5 6. Nf3 Nc6 7. O-O Nb6 8. e3 e5 9. Nxe5 Nxe5 10. dxe5 Qxd1 11.
Rxd1 Bxe5 12. Nc3 O-O 13. Rb1 c6 14. Ne4 Bf5 15. b3 Nd5 16. Bd2 Rfe8 17. Rbc1 Bb2 18.
Rc2 Bg7 19. f3 Rad8 20. Kf2 Bxe4 21. fxe4 Nf6 22. Rc4 Ng4+ 23. Ke2 Nxh2 24. e5 h5 25. Bc3 Rxd1 26. Kxd1 Ng4 27. Ke2 Bxe5 28. Be1 Bc7 29. e4 Rd8 30. b4 Ne5 31. Rc3 Bb6 32. a4 a6 33. Bd2 Bd4 34. Rb3 Nc4 35. Bg5 f6 36.
Bc1 b5 37. axb5 axb5 38. Bh3 Kg7 39. Rd3 Ne5 40. Rd1 Bb6 41. Bf4 Rxd1 42. Kxd1 Nd3 43. Bd7 Nxb4 44. Bd2 Nd3 45. Bxc6 b4 46. Ke2 Ne5 47.
Bd5 Bc5 48. Bf4 Nd7 49. Kd3 Nb6 50. Bb3 g5 51. Bc7 Nd7 52. Be6 Nf8 53. Bb3 Ng6 54. Kc4 Be7 55. Kd5 h4 56. gxh4 gxh4 57. Ke6 Kf8 58. Kf5 Ne5 59. Bxe5 fxe5 60. Kg4 Ke8 61. Kh3 Kd7 62. Kg4 Kc6 0-1

[Event "*** Titled Tuesday Blitz"]
[Site "Chess.com"]
[Date "2021.02.16"]
[Round "10"]
[White "Eloist"]
[Black "paulrusan"]
[Result "1-0"]
[WhiteElo "2395"]
[BlackElo "2257"]
[TimeControl "180+1"]
[EndTime "12:00:20 PST"]
[Termination "Eloist won by checkmate"]

1. e4 c5 2. Nf3 Nc6 3. Bb5 g6 4. Bxc6 dxc6 5. d3 Bg7 6. O-O Bg4 7. Nbd2 Nf6 8. h3 Bxf3 9. Qxf3 Nd7 10. Qg3 e5 11.
Nc4 Qe7 12. f4 O-O 13. f5 b5 14. Ne3 Nf6 15. a4 Nh5 16. Qf3 a6 17. Ng4 f6 18.
Be3 Rfd8 19. Qf2 Rd4 20. axb5 cxb5 21. Bxd4 cxd4 22. c3 Nf4 23. cxd4 Nxd3 24. Qd2 Nf4 25. dxe5 fxe5 26. Rad1 Rf8 27. Kh2 gxf5 28. exf5 h5 29. f6 Bxf6 30. Nxf6+ Rxf6 31. Qd8+ Qxd8 32. Rxd8+ Kg7 33.
g3 Ne6 34. Rd7+ Kg6 35. Rxf6+ Kxf6 36. Ra7 h4 37. Rxa6 hxg3+ 38. Kxg3 Kf5 39. Rb6 Nd4 40. h4 e4 41. Kf2 Kf4 42. Rf6+ Nf5 43. h5 e3+ 44.
Ke2 Ke4 45. h6 Nd4+ 46. Ke1 Kd3 47. Rd6 e2 48. Rxd4+ Kxd4 49. h7 Kd3 50. h8=Q b4 51. Qe5 Kc2 52. Qxe2+ Kb1 53. Qd2 b3 54. Ke2 Ka2 55. Kd3 Ka1 56. Kc4 Ka2 57. Kb4 Ka1 58.
Qc1+ Ka2 59. Qc3 Ka1 60. Kxb3 Kb1 61. Qe1# 1-0

[Event "*** Titled Tuesday Blitz"]
[Site "Chess.com"]
[Date "2021.02.16"]
[Round "10"]
[White "PotapovaM"]
[Black "Pogosian_Manvel"]
[Result "0-1"]
[WhiteElo "2564"]
[BlackElo "2419"]
[TimeControl "180+1"]
[EndTime "12:00:21 PST"]
[Termination "Pogosian_Manvel won by checkmate"]

1. d4 Nf6 2. c4 e6 3. Nf3 d5 4. Nc3 Be7 5. Bf4 O-O 6. e3 Nbd7 7. c5 c6 8. b4 a6 9. h3 Nh5 10. Bh2 f5 11. Be2 Nhf6 12. O-O Ne4 13. Qc2 Nxc3 14. Qxc3 Nf6 15. Ne5 Ne4 16. Qc2 Bd7 17.
f3 Nf6 18. a4 b5 19. axb5 axb5 20. Qb2 Rxa1 21. Rxa1 Qc8 22. Ra7 Bd8 23. Qa1 Bc7 24. Nxc6 Bxh2+ 25. Kxh2 Bxc6 26. Re7 Rf7 27. Qa7 Rxe7 28.
Qxe7 Qd7 29. Qxd7 Nxd7 30. Kg3 Nb8 31. Kf4 Kf7 32. Ke5 Ke7 33. Kf4 h6 34. g4 g5+ 35.
Kg3 Na6 36. h4 Kf6 37. f4 Nxb4 38. fxg5+ hxg5 39. h5 Nc2 40. Kf2 b4 41. Bd3 b3 42. h6 Nb4 43. Bb1 fxg4 44. h7 Kg7 45. Kg3 Nc2 46. Kxg4 Nxe3+ 47. Kxg5 Nf5 48. Kf4 Nxd4 49.
Ke5 Nc2 50. Kxe6 Na3 51. Bd3 b2 52. Ke5 Ba4 53. Kxd5 Bc2 54. Be2 b1=Q 55. c6 Qb3+ 56. Kc5 Qc3+ 57. Kd6 Bxh7 58. Bg4 Nb5+ 59. Kd7 Qd4+ 60.
Kc8 Qd6 61. Kb7 Qc7+ 62. Ka8 Qa7# 0-1

[Event "*** Titled Tuesday Blitz"]
[Site "Chess.com"]
[Date "2021.02.16"]
[Round "10"]
[White "eduardoperalta"]
[Black "ZiggyStardust64"]
[Result "0-1"]
[WhiteElo "2429"]
[BlackElo "2577"]
[TimeControl "180+1"]
[EndTime "12:00:22 PST"]
[Termination "ZiggyStardust64 won by resignation"]

1. d4 d5 2. c4 e6 3. Nf3 Nf6 4. g3 dxc4 5. Bg2 c6 6. O-O b5 7.
a4 Bb7 8. Ne5 a6 9. b3 cxb3 10.
Bb2 Be7 11. Qxb3 O-O 12. Nd2 Nd5 13. Rfd1 Nd7 14. Nd3 Rb8 15. axb5 cxb5 16. e4 N5b6 17. Rac1 Ba8 18. Ba1 Bf6 19. e5 Bxg2 20. Kxg2 Be7 21. Ne4 Nc4 22. Ndc5 Nxc5 23. dxc5 Qc7 24. Qf3 Nxe5 25.
Qf4 f6 26. c6 Rfd8 27. Rxd8+ Rxd8 28. h4 Rc8 29. h5 Nd3 30. Qxc7 Rxc7 31. Rd1 Nc5 32.
Nxc5 Bxc5 33. Rd7 Rxc6 34. h6 gxh6 35. Bxf6 Bf8 36. Rb7 b4 37. Kf3 a5 38. Ke4 a4 39.
Bd4 Ra6 40. Kd3 a3 41. Kc2 Ra8 42. Kb3 Rd8 43. Be5 Rd3+ 44. Kc2 Rf3 45. Bd4 Rf7 46. Rb8 Rc7+ 47. Kb3 Kf7 48. Be5 Rd7 49. f4 Rd3+ 50.
Kc2 Rxg3 51. Rb7+ Kg6 52. Rb6 Kf5 53. Rb8 Bc5 54. Rc8 Be7 55. Re8 Rg2+ 56. Kb3 Bc5 57. Rc8 Rg3+ 58. Kc2 b3+ 59. Kd1 Bb4 60. Rb8 Rg1+ 61.
Ke2 b2 62. Rxb4 b1=Q 63. Rxb1 Rxb1 64. Kd2 a2 65. Kc2 a1=Q 66. Bxa1 Rxa1 67. Kd3 Ra4 0-1

[Event "*** Titled Tuesday Blitz"]
[Site "Chess.com"]
[Date "2021.02.16"]
[Round "10"]
[White "QuintilianoR"]
[Black "AliKa2810"]
[Result "1-0"]
[WhiteElo "2701"]
[BlackElo "2543"]
[TimeControl "180+1"]
[EndTime "12:00:24 PST"]
[Termination "QuintilianoR won by resignation"]

1. d4 Nf6 2. c4 e6 3. Nf3 d5 4. Nc3 Bb4 5. Bg5 h6 6. Bxf6 Qxf6 7.
Qa4+ Nc6 8. e3 O-O 9. Rc1 Qg6 10. Qc2 Qxc2 11. Rxc2 Rd8 12. a3 Bf8 13. Nb5 Bd7 14.
cxd5 exd5 15. Nxc7 Rac8 16. Nb5 Na5 17. Nc3 Bf5 18. Kd1 Bxc2+ 19. Kxc2 a6 20. Bd3 Nc4 21. Bxc4 Rxc4 22. Ne5 Rc7 23. Rc1 Bd6 24. Nd3 f6 25.
Kb3 Be7 26. Rd1 Kf7 27. Nf4 Rcd7 28. g3 g5 29. Nd3 Rd6 30. Na4 b6 31. Nc3 Rc6 32. Rh1 b5 33. h4 Rb8 34. hxg5 hxg5 35. Nxd5 Bf8 36. Rh7+ Kg6 37. Ra7 Rd8 38. Nc3 Bd6 39.
Ne4 Bb8 40. Rb7 Kf5 41. Nec5 Bd6 42. e4+ Kg6 43. Ne6 Re8 44. d5 Rc4 45. f3 Bxg3 46. Rb6 g4 47. fxg4 Rxe4 48. Rxa6 Re3 49. Kc2 Rc8+ 50.
Kd2 Rf3 51. Ke2 Rxd3 52. Kxd3 Rc1 53. Kd2 Rc4 54. d6 Bxd6 55. Rxd6 Rxg4 56. Nd4 Rg3 57.
Nxb5 Rb3 58. Nc3 Rxb2+ 59. Kd3 Kf5 60. a4 Ke5 61. Rd5+ Kf4 62. Rb5 Rh2 63. Ne2+ Kg4 64. Rb4+ Kg5 65. Nd4 f5 66. Nf3+ Kf6 67. Nxh2 1-0

[Event "*** Titled Tuesday Blitz"]
[Site "Chess.com"]
[Date "2021.02.16"]
[Round "10"]
[White "PavelShkapenko"]
[Black "AttilaTurzo"]
[Result "1-0"]
[WhiteElo "2708"]
[BlackElo "2506"]
[TimeControl "180+1"]
[EndTime "12:00:27 PST"]
[Termination "PavelShkapenko won by resignation"]

1. e4 c5 2. c3 Nf6 3. e5 Nd5 4. d4 cxd4 5. cxd4 d6 6. Nf3 Nc6 7. Bc4 dxe5 8. Nxe5 e6 9. O-O Be7 10. Nf3 O-O 11. Nc3 Bf6 12. Ne4 Be7 13. Re1 Nf6 14. Nc3 Nb4 15. Bg5 Nbd5 16. Ne5 Nb6 17. Bd3 Bd7 18. Qf3 Nfd5 19. Qh5 g6 20. Bxe7 Qxe7 21.
Qh6 Rfd8 22. Ne4 f6 23. Nxd7 Rxd7 24. Nc5 Rd6 25. Bc2 Nd7 26. Bb3 Nf8 27. Re4 b6 28. Nxe6 Nxe6 29. Rae1 Ndc7 30. d5 f5 31. Re5 Qg7 32.
Qc1 Nc5 33. Re7 Qf6 34. Rxc7 Rad8 35. Bc4 Ne4 36. Rc6 Kg7 37. Rxd6 Rxd6 38. Bb3 Qd8 39. Qf4 Qe7 40. h4 Qf6 41. Rc1 Rd7 42.
Rc7 Rxc7 43. Qxc7+ Qf7 44. Qxf7+ Kxf7 45. f3 Nd6 46. Kf2 Kf6 47. Ke3 Ke5 48. f4+ Kf6 49.
Kd4 h6 50. a4 a5 51. Bc2 Nf7 52. b4 axb4 53. Kc4 Ke7 54. Kb5 Kd6 55. Kxb6 Kxd5 56. Bb3+ Ke4 57. Bxf7 Kxf4 58. a5 Kg3 59. a6 Kxg2 60.
a7 f4 61. a8=Q+ f3 62. Qe4 Kg3 63. Qe3 Kg2 64. Bd5 Kg3 65. Qxf3+ 1-0

[Event "*** Titled Tuesday Blitz"]
[Site "Chess.com"]
[Date "2021.02.16"]
[Round "10"]
[White "Buffy7"]
[Black "Ave_Mariia"]
[Result "1/2-1/2"]
[WhiteElo "2636"]
[BlackElo "2499"]
[TimeControl "180+1"]
[EndTime "12:00:27 PST"]
[Termination "Game drawn - insufficient material"]

1. c4 c5 2. Nf3 Nc6 3. Nc3 g6 4. e3 Bg7 5. d4 cxd4 6. exd4 d6 7. h3 Nf6 8. Be2 O-O 9. Be3 d5 10. O-O h6 11. a3 Be6 12. c5 Bf5 13. b4 a6 14. Re1 Ne4 15. Qb3 Nxc3 16. Qxc3 Re8 17. Rad1 e5 18. dxe5 Nxe5 19. Bd4 Nxf3+ 20. Bxf3 Bxd4 21.
Qxd4 Be4 22. Bxe4 dxe4 23. Qxd8 Raxd8 24. Rxd8 Rxd8 25. Rxe4 Rd3 26. Re7 Rxa3 27. Rxb7 Rb3 28. Rb6 Kf8 29. Kf1 Rb2 30. h4 h5 31. g3 Ke7 32. Kg2 Rb3 33. Kf1 Rb2 34. Ke1 Kd7 35. f4 Ra2 36. Kd1 a5 37. b5 a4 38. Kc1 a3 39. Rb7+ Ke6 40. Kb1 Rg2 41. Ra7 a2+ 42.
Ka1 Kd5 43. b6 Kxc5 44. b7 Rg1+ 45. Kxa2 Rg2+ 46. Ka3 Rxg3+ 47. Kb2 Rg2+ 48. Kc3 Rg3+ 49. Kc2 Rg2+ 50. Kc1 Rg1+ 51. Kc2 Rg2+ 52. Kd3 Rb2 53. b8=Q Rxb8 54. Rxf7 Kd5 55. Rf6 Rb3+ 56. Ke2 Rg3 57.
Kf2 Rg4 58. Kf3 Rxh4 59. Rxg6 Rh3+ 60. Kg2 Rb3 61. Rg5+ Ke4 62. Rxh5 Kxf4 63. Rh4+ Kg5 64. Rh3 Rxh3 65. Kxh3 1/2-1/2